 Dungeon Crawl Stone Soup version 0.25-a0-701-gb30f108f01 (console) character file.

Game seed: 8688393963122719113, levelgen mode: deterministic

155976 Ignak the Eclecticist (level 16, 131/131 HPs)
             Began as a Mummy Wizard on Mar 27, 2020.
             Was the Champion of Yredelemnul.
             Quit the game on level 1 of the Vaults on Sept 28, 2020.
             The game lasted 03:23:29 (48357 turns).

Ignak the Eclecticist (Mummy Wizard)               Turns: 48357, Time: 03:23:29

Health: 131/131    AC: 19    Str: 11    XL:     16   Next: 81%
Magic:  36/36      EV: 18    Int: 23    God:    Yredelemnul [******]
Gold:   1761       SH:  5    Dex: 11    Spells: 19/47 levels left

rFire    + . .     SeeInvis .   b - +9 spear (venom)
rCold    x . .     Gourm    .   N - +1 buckler {AC+3}
rNeg     + + +     Faith    .   E - +5 steam dragon scales
rPois    ∞         Spirit   .   f - +2 hat
rElec    .         Reflect  .   s - scarf {repulsion}
rCorr    .         Harm     .   i - +0 pair of gloves
MR       ++...                  y - +2 pair of boots
Stlth    ++........             C - amulet of regeneration
HPRegen  0.71/turn              d - ring of fire
MPRegen  0.25/turn              X - ring of fire

@: repel missiles
A: no food or potions, fire vulnerability, cold resistance 1, negative energy
resistance 3, torment resistance, unbreathing, in touch with death 1
}: 1/15 runes: decaying
a: Recall Undead Slaves, Injury Mirror, Animate Dead, Drain Life, Enslave Soul,
Renounce Religion


You were on level 1 of the Vaults.
You worshipped Yredelemnul.
Yredelemnul was exalted by your worship.
You were not hungry.

You visited 6 branches of the dungeon, and saw 29 of its levels.
You also visited: Bailey and Volcano.

You collected 3912 gold pieces.
You spent 2151 gold pieces at shops.

Inventory:

Hand Weapons
 b - a +9 spear of venom (weapon)
 o - the +4 dagger of Absolution {elec, rPois Int+4}
   (You found it on level 1 of the Swamp)

   Occasionally, upon striking a foe, it will discharge some electrical energy
   and cause terrible harm.
   It affects your intelligence (+4).
   It protects you from poison.
 p - the +2 halberd "Arcanum" {vorpal, *Drain rElec rPois MR+++}
   (You took it off a gnoll on level 6 of the Dungeon)

   It inflicts extra damage upon your enemies.
   It insulates you from electricity.
   It protects you from poison.
   It affects your resistance to hostile enchantments.
   It causes draining when unequipped.
Missiles
 n - 119 poisoned darts (quivered)
Armour
 f - a +2 hat (worn)
 i - a +0 pair of gloves (worn)
 l - a +0 robe of magic resistance
 q - a +1 cloak
 s - a scarf of repulsion (worn)
 v - a +0 robe of fire resistance
 y - a +2 pair of boots (worn)
 E - +5 steam dragon scales (worn)
 M - a +0 cloak of magic resistance
 N - a +1 buckler of protection (worn)
Magical Staves
 a - an uncursed staff of summoning
Jewellery
 c - an uncursed ring of see invisible
 d - a ring of fire (left hand)
 g - an uncursed ring of protection from cold
 k - a +2 ring of protection
 t - an uncursed ring of wizardry
 x - an uncursed ring of ice
 A - an uncursed ring of magical power
 C - an amulet of regeneration (around neck)
 G - an uncursed ring of flight
 H - an uncursed ring of protection from magic
 K - an uncursed amulet of the acrobat
 S - an uncursed amulet of magic regeneration
 T - an uncursed ring of magical power
 U - an uncursed ring of protection from cold
 X - a ring of fire (right hand)
 Y - a +4 ring of intelligence
Wands
 e - a wand of iceblast (4)
 z - a wand of enslavement (8)
 B - a wand of polymorph (19)
 D - a wand of flame (32)
 F - a wand of acid (16)
 I - a wand of digging (7)
 L - a wand of random effects (51)
 P - a wand of disintegration (11)
 V - a wand of paralysis (9)
Scrolls
 h - 8 scrolls of amnesia
 j - 16 scrolls of remove curse
 m - 3 scrolls of immolation
 r - 4 scrolls of fog
 u - 5 scrolls of teleportation
 w - 10 scrolls of identify
 J - 5 scrolls of blinking
 O - a scroll of magic mapping
 Q - 2 scrolls of enchant armour
 W - a scroll of fear
Miscellaneous
 R - a phial of floods (inert)


   Skills:
 - Level 13.3 Fighting
 - Level 6.1 Polearms
 - Level 3.0 Armour
 - Level 11.6 Dodging
 - Level 1.5 Stealth
 - Level 4.0 Shields
 + Level 16.3 Spellcasting
 * Level 8.6 Conjurations
 - Level 3.0 Summonings
 - Level 0.7 Translocations
 * Level 6.3 Fire Magic
 + Level 6.1 Earth Magic
 * Level 3.3 Poison Magic
 - Level 7.0 Invocations
 - Level 4.0 Evocations


You had 19 spell levels left.
You knew the following spells:

 Your Spells              Type           Power        Failure   Level  Hunger
a - Magic Dart            Conj           ####         1%          1    N/A
b - Blink                 Tloc           N/A          3%          2    N/A
c - Bolt of Magma         Conj/Fire/Erth #######...   4%          5    N/A
d - Mephitic Cloud        Conj/Pois/Air  #####...     1%          3    N/A
e - Call Imp              Summ           ####....     1%          2    N/A
f - Fireball              Conj/Fire      #######...   3%          5    N/A
g - Iron Shot             Conj/Erth      ######....   22%         6    N/A
z - Olgreb's Toxic Radia  Pois           ####....     8%          4    N/A

Your spell library contained the following spells:

 Spells                   Type           Power        Failure   Level  Hunger
 Foxfire                  Conj/Fire      ####         1%          1    N/A
 Sting                    Tmut/Pois      ####         1%          1    N/A
 Conjure Flame            Conj/Fire      #######.     1%          3    N/A
 Dazzling Flash           Conj/Hex       #####.       1%          3    N/A
 Sticky Flame             Conj/Fire      #######.     1%          4    N/A
 Poisonous Vapours        Pois/Air       ####..       2%          2    N/A
 Ignite Poison            Fire/Tmut/Pois ######..     2%          3    N/A
 Inner Flame              Hex/Fire       ######..     2%          3    N/A
 Corona                   Hex            ###....      3%          1    N/A
 Ensorcelled Hibernation  Hex/Ice        ###...       4%          2    N/A
 Slow                     Hex            ###.....     4%          2    N/A
 Sticks to Snakes         Tmut           ###.....     4%          2    N/A
 Gell's Gravitas          Tloc           ###.......   7%          3    N/A
 Confusing Touch          Hex            ###.....     9%          3    N/A
 Tukima's Dance           Hex            ###.....     9%          3    N/A
 Petrify                  Tmut/Erth      ####....     9%          4    N/A
 Iskenderun's Battlesphe  Conj/Chrm      #####...     14%         5    N/A
 Orb of Destruction       Conj           ######....   58%         7    N/A
 Metabolic Englaciation   Hex/Ice        ###.......   63%         5    N/A
 Yara's Violent Unravell  Hex/Tmut       ###.......   63%         5    N/A
 Spellforged Servitor     Conj/Summ      #####.....   92%         7    N/A
 Beastly Appendage        Tmut           Unusable     N/A         1    N/A
 Spider Form              Tmut/Pois      Unusable     N/A         3    N/A
 Ice Form                 Ice/Tmut       Unusable     N/A         4    N/A
 Blade Hands              Tmut           Unusable     N/A         5    N/A

Dungeon Overview and Level Annotations

Branches:
Dungeon (15/15)            Temple (1/1) D:7            Lair (6/6) D:9
  Swamp (4/4) Lair:4       Spider (0/4) Lair:3        Slime (0/5) Lair:5
    Orc (2/2) D:12            Elf (0/3) Orc:2        Vaults (1/5) D:13
 Depths (0/5) D:15         Bailey (visited)         Volcano (visited)

Altars:
Ashenzari
Cheibriados
Dithmenos
Elyvilon
Fedhas
Gozag
Hepliaklqana
Kikubaaqudgha
Makhleb
Nemelex Xobeh
Okawaru
Qazlal
Ru
Sif Muna
Trog
Uskayaw
Vehumet
Wu Jian
Xom
Yredelemnul
Zin
The Shining One
Jiyva

Shops:
D:4 !   D:15 %*!!}   Orc:2 (*===

Annotations:
Vaults:1 3 runed translucent doors, dvd2's ghost, adept FeCj


Innate Abilities, Weirdness & Mutations

You do not eat or drink.
Your flesh is vulnerable to fire.
You are immune to poison.
Your flesh is cold resistant. (rC+)
You are immune to negative energy. (rN+++)
You are immune to unholy pain and torment.
You can survive without breathing.
You are in touch with the powers of death.


Message History

The vault guard is almost dead.
You kill the vault guard!
Yredelemnul accepts your kill.
Things that are here:
a +0 battleaxe; a +0 plate armour; a human corpse
Things that are here:
a +0 long sword; a +0 plate armour You call on the dead to rise...
The dead are walking!
You start resting.
HP restored.
You start resting.
Magic restored.
Saving game... please wait.
Level annotation: 3 runed translucent doors, dvd2's ghost, adept FeCj Welcome back, Ignak the Mummy Wizard.
Yredelemnul says: Carry the black torch!
Rouse the idle dead!
Press ? for a list of commands and other information.
Unknown command.
Unknown command.
Are you sure you want to abandon this character and quit the game? (Confirm with "yes".)

#.....Z........##..
#....zz........##..
#..####Z.####..##..
#..# #z.#..#..##..
#..#..#z.'..#..####
#..##'#..####..#
#.........)....####
#........[))...#...
#.@####..####..#(..
#[Z#..#..'. #..(..(
#..#..'..#. #..#..(
#..####..####..#..(
#..............'...
....'..............'...
..≈≈################...
...≈≈ #... #### ####


You could see a friendly vault guard zombie.

Vanquished Creatures
  A tentacled monstrosity (Swamp:4)
  4 ironheart preservers
  A deep elf demonologist (Vaults:1)
  2 deep elf annihilators (Vaults:1)
  A red draconian (Volcano)
  Snorg (Lair:5)
  Josephine (Lair:5)
  A fire dragon (Vaults:1)
  An ogre mage (D:15)
  Harold (Lair:2)
  An ice dragon (Vaults:1)
  Erolcha (D:10)
  6 vault guards (Vaults:1)
  7 hydras
  A catoblepas (Lair:6)
  10 two-headed ogres
  4 centaur warriors
  6 alligators
  2 death yaks
  3 orc high priests
  Urug (Lair:3)
  Nergalle (D:11)
  4 skeletal warriors
  2 deep elf knights (Vaults:1)
  A flayed ghost (D:15)
  3 deep elf archers
  2 unseen horrors
  An ironbrand convoker (Vaults:1)
  A phantasmal warrior (Swamp:3)
  4 spectral hydras (Swamp:4)
  4 orc knights
  A necromancer (D:15)
  4 deep elf magi
  A wolf spider (Vaults:1)
  2 salamanders (shapeshifter)
  5 cyclopes
  2 orc sorcerers
  6 elephants (Lair:4)
  4 salamanders (Volcano)
  2 manticores
  2 centaur zombies
  3 spiny frogs
  Psyche (D:9)
  6 komodo dragons
  A rime drake (shapeshifter) (D:14)
  A gargoyle (D:10)
  A komodo dragon (shapeshifter) (Vaults:1)
  A rime drake (Lair:3)
  2 swamp worm zombies (Swamp:4)
  A hydra zombie (Swamp:4)
  2 trolls
  A guardian mummy (D:15)
  3 polar bears
  A queen bee (shapeshifter) (D:14)
  A queen bee (D:11)
  4 meliai (D:15)
  Grinder (D:6)
  14 slime creatures
  An ice dragon zombie (D:15)
  Prince Ribbit (D:9)
  5 hippogriffs
  4 tyrant leeches
  A spectral swamp dragon (Swamp:4)
  14 blink frogs
  6 hornets
  A bog body (Swamp:4)
  An alligator zombie (Swamp:4)
  A dream sheep (Lair:6)
  A centaur simulacrum (D:14)
  3 wyverns
  22 yaks
  2 wraiths
  2 hungry ghosts
  3 basilisks
  A steam dragon (D:10)
  A yaktaur simulacrum (Vaults:1)
  12 vampire mosquitoes
  9 humans
  3 wargs
  8 swamp worms
  7 insubstantial wisps (Swamp:4)
  6 water moccasins
  10 porcupines
  3 black bears
  24 orc warriors
  2 sky beasts
  2 swamp dragon zombies (Swamp:4)
  5 swamp drakes
  4 ice beasts
  5 phantoms
  10 ogres
  2 necrophages
  5 centaurs
  4 crocodiles
  2 big kobolds
  17 bullfrogs
  A gnoll sergeant (D:11)
  A water moccasin zombie (D:9)
  3 scorpions
  A warg zombie (Orc:1)
  A scorpion (shapeshifter) (D:13)
  20 killer bees
  A howler monkey (D:10)
  6 wights
  7 crimson imps
  A bullfrog zombie (D:12)
  2 bullfrog skeletons (D:10)
  6 hounds
  A jelly (D:13)
  19 orc priests
  4 centaur skeletons
  A human zombie (D:13)
  An iguana (D:9)
  19 orc wizards
  10 worker ants
  A spectral swamp drake (Swamp:4)
  3 killer bee zombies (D:15)
  7 gnolls
  2 orc zombies (Orc:1)
  6 adders
  A swamp drake zombie (Swamp:4)
  An adder skeleton (D:7)
  3 adder zombies
  A worm (D:4)
  4 leopard geckos
  67 orcs
  2 bats (D:1)
  A bat zombie (D:2)
  2 giant cockroaches
  10 goblins
  4 hobgoblins
  5 jackals
  3 quokkas
  A ball python (D:1)
  2 frilled lizards (D:1)
  28 kobolds
  A leopard gecko zombie (D:7)
  5 rats
  3 fungi (Lair:4)
  A plant (Lair:4)
631 creatures vanquished.

Vanquished Creatures (collateral kills)
  A bone dragon (Swamp:4)
  Nikola (Swamp:4)
  Rupert (Lair:5)
  A sphinx (Vaults:1)
  Aizul (Swamp:1)
  2 vault wardens (Vaults:1)
  The ghost of Sikoogye the Thaumaturge, a journeyman OpEE of Gozag (D:15)
  4 ironheart preservers
  A very ugly thing (Vaults:1)
  Nessos (Lair:5)
  A deep elf death mage (Vaults:1)
  2 fire dragons (Vaults:1)
  3 hydras
  A great orb of eyes (Vaults:1)
  A shambling mangrove (Swamp:2)
  A ghost crab (Swamp:3)
  2 catoblepae (Lair:6)
  10 alligators
  9 death yaks
  Erica (D:9)
  3 two-headed ogres
  A centaur warrior (Vaults:1)
  An orc high priest (Orc:2)
  A storm dragon zombie (D:15)
  A deep elf knight (Vaults:1)
  5 skeletal warriors
  A phantasmal warrior (Swamp:4)
  3 orc knights
  An ironbrand convoker (Vaults:1)
  5 swamp dragons
  An orb spider (shapeshifter) (D:15)
  2 orc sorcerers
  A wolf spider zombie (D:13)
  An oklob plant (Lair:4)
  3 ugly things (Vaults:1)
  2 salamanders (Volcano)
  5 deep elf magi
  2 manticores
  A stone giant skeleton (D:15)
  A frost giant skeleton (D:15)
  A guardian serpent (shapeshifter) (D:15)
  2 vault sentinels (Vaults:1)
  4 komodo dragons
  9 spiny frogs
  An efreet (D:15)
  2 rime drakes (Lair:1)
  4 swamp worm zombies (Swamp:4)
  A hydra zombie (Swamp:4)
  A meliai (D:15)
  3 hornets
  A troll (D:10)
  A queen bee (D:15)
  A polar bear (Lair:5)
  15 blink frogs
  7 tyrant leeches
  6 bog bodies
  A hippogriff (D:13)
  8 slime creatures
  6 dream sheep (Lair:6)
  A spectral swamp dragon (Swamp:4)
  An alligator zombie (Swamp:4)
  A spriggan (Swamp:4)
  A shadow (D:15)
  4 wraiths (Lair:5)
  2 basilisks
  A hungry ghost (D:15)
  21 yaks
  7 humans (D:13)
  10 vampire mosquitoes
  5 insubstantial wisps (Swamp:4)
  10 swamp worms
  3 porcupines
  5 water moccasins
  3 swamp drakes
  8 orc warriors
  An eye of draining (D:13)
  3 ogres
  A sky beast (D:11)
  3 swamp dragon zombies (Swamp:4)
  An ogre (shapeshifter) (Vaults:1)
  5 phantoms
  2 centaurs
  3 crocodiles
  A big kobold (D:13)
  4 bullfrogs
  A water moccasin skeleton (D:11)
  4 scorpions
  5 killer bees
  5 wights
  A howler monkey (D:14)
  An electric eel (Lair:2)
  3 crimson imps
  3 jellies
  4 hounds
  A centaur skeleton (D:12)
  A centaur zombie (D:6)
  10 orc priests
  10 orc wizards
  2 worker ants (D:4)
  A howler monkey zombie (D:5)
  A worker ant zombie (D:5)
  4 gnolls
  7 adders
  2 oozes
  4 worms
  A dart slug (D:2)
  3 leopard geckos
  22 orcs
  3 giant cockroaches
  A goblin (D:2)
  8 hobgoblins
  2 jackals (D:3)
  3 quokkas
  A bat (D:3)
  A frilled lizard (D:2)
  2 jackal skeletons
  A kobold (D:13)
  A leopard gecko skeleton (D:6)
  A rat (D:3)
  12 fungi
  14 plants
  A withered plant (D:15)
414 creatures vanquished.

Vanquished Creatures (others)
  2 ghouls (Vaults:1)
  A spectral titan (Vaults:1)
  A spectral dwarf (Swamp:4)
  A guardian serpent zombie (Swamp:1)
  An alligator (Swamp:4)
  A salamander mystic (Volcano)
  3 flayed ghosts
  A skeletal warrior (Vaults:1)
  An ugly thing zombie (Vaults:1)
  A wolf spider zombie (Vaults:1)
  2 phantasmal warriors
  A deep elf mage (Vaults:1)
  A centaur zombie (D:13)
  An elf skeleton (Vaults:1)
  2 death yak zombies (Lair:6)
  A catoblepas zombie (Lair:6)
  4 swamp worm zombies
  2 hornets (D:15)
  2 hydra zombies
  2 blink frogs (Swamp:4)
  A fire dragon zombie (Vaults:1)
  A spectral cyclops (Vaults:1)
  An ice dragon zombie (Vaults:1)
  3 alligator zombies
  A meliai zombie (D:15)
  A spriggan (Swamp:2)
  6 flying skulls
  6 vampires
  2 tyrant leech zombies (Swamp:4)
  2 wraiths
  2 two-headed ogre zombies
  3 spiny frog zombies
  A hornet zombie (D:13)
  2 manticore zombies
  A dream sheep zombie (Lair:6)
  3 elf zombies (Vaults:1)
  10 blink frog zombies
  An elephant zombie (Lair:4)
  2 vampire mosquito zombies (Swamp:4)
  3 komodo dragon zombies
  A salamander zombie (Volcano)
  2 cyclops zombies
  2 water moccasin zombies (Lair:4)
  A warg zombie (D:15)
  A polar bear zombie (Vaults:1)
  12 yak zombies
  2 killer bees
  A wight (Volcano)
  3 bullfrog zombies
  14 human zombies
  2 porcupine zombies (Lair:4)
  A bog body skeleton (Swamp:4)
  A crocodile zombie (Lair:6)
  2 killer bee zombies
  4 ogre zombies
  A sky beast zombie (D:13)
  A hound zombie (D:13)
  3 mummies
  A worker ant zombie (D:14)
  5 swamp drake zombies
  A kobold zombie (D:13)
  6 orc skeletons (Orc:2)
  13 orc zombies
  2 fire vortices (Vaults:1)
  4 fungi
  3 plants
  11 toadstools (Lair:4)
  6 withered plants (D:15)
189 creatures vanquished.

Grand Total: 1234 creatures vanquished

Notes
Turn   | Place    | Note
-------+----------+-------------------------------------------
     0 | D:1      | Ignak the Mummy Wizard began the quest for the Orb.
     0 | D:1      | Reached XP level 1. HP: 13/13 MP: 5/5
   223 | D:1      | Upgraded the game from 0.25-a0-667-gb977e01cb5 to
                  | 0.25-a0-699-g25a338df49
   230 | D:1      | Reached skill level 1 in Conjurations
   761 | D:1      | Reached XP level 2. HP: 15/20 MP: 4/7
   849 | D:1      | Learned a level 2 spell: Blink
   852 | D:1      | Learned a level 2 spell: Call Imp
  2100 | D:2      | Reached skill level 1 in Shields
  2243 | D:2      | Reached XP level 3. HP: 18/25 MP: 2/8
  2248 | D:2      | Learned a level 3 spell: Mephitic Cloud
  2786 | D:2      | Reached skill level 1 in Fighting
  3633 | D:3      | Reached XP level 4. HP: 4/32 MP: 1/10
  4059 | D:3      | You fall into a shaft and drop 2 floors!
  4059 | D:5      | Entered Level 5 of the Dungeon
  4281 | D:4      | Found a snail-covered altar of Cheibriados,
  4304 | D:4      | Reached XP level 5. HP: 22/37 MP: 3/12
  5647 | D:4      | Reached skill level 5 in Spellcasting
  5647 | D:4      | Reached XP level 6. HP: 33/44 MP: 0/13
  5898 | D:4      | Found Inelafiduy's Distillery,
  6457 | D:5      | Found the +3 giant club "Skullcrusher" {speed, Str+7}
  6739 | D:5      | Reached skill level 1 in Summonings
  7491 | D:5      | Reached XP level 7. HP: 42/51 MP: 5/15
  7652 | D:5      | Found a shadowy altar of Dithmenos,
  7657 | D:5      | Found a shimmering altar of Xom,
  9370 | D:6      | Noticed a hippogriff
  9376 | D:6      | Identified the cursed +2 halberd "Arcanum" {vorpal, *Drain
                  | rElec rPois MR+++}
  9412 | D:6      | Killed a hippogriff
  9536 | D:6      | Found a sparkling altar of Nemelex Xobeh,
  9566 | D:6      | Reached skill level 6 in Spellcasting
  9566 | D:6      | Reached XP level 8. HP: 35/58 MP: 13/17
  9716 | D:6      | Noticed a two-headed ogre
  9746 | D:6      | Noticed Grinder
 10250 | D:6      | Reached skill level 1 in Polearms
 10352 | D:6      | Killed a two-headed ogre
 10604 | D:6      | Killed Grinder
 10670 | D:6      | Found a blossoming altar of Fedhas,
 10670 | D:6      | Found an ancient bone altar of Kikubaaqudgha,
 10671 | D:6      | Found an iron altar of Okawaru,
 11185 | D:6      | Reached XP level 9. HP: 66/66 MP: 15/19
 12118 | D:6      | Reached skill level 7 in Spellcasting
 12651 | D:7      | Found a shattered altar of Ashenzari,
 13344 | D:7      | Reached skill level 5 in Fighting
 13767 | D:7      | Found a staircase to the Ecumenical Temple,
 13780 | Temple   | Entered the Ecumenical Temple
 13958 | D:8      | Noticed a +0 hand axe
 13958 | D:8      | Noticed a +0 hand axe
 13998 | D:8      | Found a hide-covered altar of Uskayaw,
 14261 | D:8      | Reached skill level 8 in Spellcasting
 14269 | D:8      | Reached skill level 5 in Dodging
 14907 | D:9      | Noticed Psyche
 14911 | D:9      | Noticed Prince Ribbit
 14913 | D:9      | Killed Psyche
 14934 | D:9      | Killed Prince Ribbit
 14934 | D:9      | Reached XP level 10. HP: 49/79 MP: 14/22
 15118 | D:9      | Found a staircase to the Lair,
 16302 | D:9      | Reached skill level 9 in Spellcasting
 16963 | D:9      | Noticed Erica
 17753 | D:9      | Killed Erica
 18363 | Lair:1   | Entered Level 1 of the Lair of Beasts
 18689 | D:10     | Entered Level 10 of the Dungeon
 18803 | D:10     | Noticed a gargoyle
 18908 | D:10     | Killed a gargoyle
 19441 | D:10     | Noticed Erolcha
 19547 | D:10     | Noticed a two-headed ogre
 19575 | D:9      | Killed a two-headed ogre
 19575 | D:9      | Reached skill level 10 in Spellcasting
 19575 | D:9      | Reached XP level 11. HP: 65/89 MP: 6/25
 19720 | D:10     | Killed Erolcha
 20801 | D:11     | Noticed Nergalle
 20825 | D:11     | Found a flagged portal,
 21051 | Bailey   | Entered a bailey
 21268 | Bailey   | Found an iron altar of Okawaru,
 21346 | D:11     | Killed Nergalle
 21673 | D:11     | Noticed a two-headed ogre
 21690 | D:11     | Killed an unseen horror
 21690 | D:11     | Reached skill level 10 in Fighting
 21731 | D:11     | Killed a two-headed ogre
 21798 | D:11     | Reached skill level 11 in Spellcasting
 21874 | D:11     | Noticed a four-headed hydra
 22317 | D:10     | Killed a four-headed hydra
 22690 | Temple   | Became a worshipper of Yredelemnul the Dark
 23071 | D:12     | Noticed a two-headed ogre
 23452 | D:12     | Reached * piety under Yredelemnul
 23604 | D:12     | Found a shimmering altar of Xom,
 23625 | D:12     | Killed a two-headed ogre
 23625 | D:12     | Reached XP level 12. HP: 85/98 MP: 16/27
 23876 | D:12     | Found a staircase to the Orcish Mines,
 24203 | D:12     | Reached skill level 5 in Polearms
 24566 | D:12     | Reached ** piety under Yredelemnul
 24839 | D:12     | Learned a level 3 spell: Conjure Flame
 25627 | D:13     | Found a gate to the Vaults,
 25627 | D:13     | Noticed a centaur warrior
 25627 | D:13     | Noticed a two-headed ogre
 25700 | Orc:1    | Entered Level 1 of the Orcish Mines
 25911 | Orc:1    | Found an iron altar of Okawaru,
 26309 | Orc:2    | Entered Level 2 of the Orcish Mines
 26309 | Orc:2    | Found Iliwn's Jewellery Boutique,
 26410 | Orc:2    | Reached *** piety under Yredelemnul
 26413 | Orc:2    | Reached skill level 1 in Invocations
 26654 | Orc:2    | Noticed an orc high priest
 26669 | Orc:1    | Reached skill level 12 in Spellcasting
 26971 | Orc:1    | Killed an orc high priest
 27171 | Orc:2    | Received a gift from Yredelemnul (a mummy)
 27448 | Orc:2    | Noticed an orc high priest
 27634 | Orc:2    | Killed an orc high priest
 27653 | Orc:2    | Noticed an orc high priest
 27657 | Orc:2    | Noticed an orc high priest
 27666 | Orc:2    | Killed an orc high priest
 27812 | Orc:2    | Killed an orc high priest
 27862 | Orc:2    | Found Taagom's Antique Weapon Shoppe,
 27862 | Orc:2    | Found Zoimikkao's Jewellery Emporium,
 27882 | Orc:2    | Found Ecas's Jewellery Emporium,
 27884 | Orc:2    | Found Veipaurph's Assorted Antiques,
 27891 | Orc:2    | Bought an ichor-stained broad axe for 216 gold pieces
 27892 | Orc:2    | Bought a runed buckler for 255 gold pieces
 27892 | Orc:2    | Bought a translucent ring mail for 306 gold pieces
 27892 | Orc:2    | Bought a sapphire ring for 170 gold pieces
 27892 | Orc:2    | Bought a scroll labeled PETIGE CICEV for 34 gold pieces
 27948 | Orc:2    | Identified the +6 broad axe of Integrity {antimagic, rC+}
                  | (You bought it in a shop on level 2 of the Orcish Mines)
 27964 | Orc:2    | Identified the +0 ring mail "Sosmu" {rElec rF+ MP-9} (You
                  | bought it in a shop on level 2 of the Orcish Mines)
 27978 | Orc:2    | Bought 3 scrolls of enchant armour for 765 gold pieces
 27979 | Orc:2    | Bought an uncursed ring of see invisible for 180 gold
                  | pieces
 28048 | Orc:2    | Found a staircase to the Elven Halls,
 28578 | D:13     | Received a gift from Yredelemnul (a wight)
 28583 | D:13     | Gained mutation: You are in touch with the powers of death.
                  | [Mummy growth]
 28583 | D:13     | Reached XP level 13. HP: 83/106 MP: 10/29
 28588 | D:13     | Reached skill level 10 in Dodging
 28685 | D:13     | Reached **** piety under Yredelemnul
 29094 | D:13     | Received a gift from Yredelemnul (a mummy)
 29478 | D:11     | Reached skill level 5 in Invocations
 29631 | Lair:1   | Reached skill level 1 in Armour
 29787 | Lair:1   | Received a gift from Yredelemnul (a mummy)
 30826 | Lair:2   | Noticed Harold
 30845 | Lair:2   | Killed Harold
 31279 | Lair:3   | Noticed Urug
 31298 | Lair:3   | Killed Urug
 31298 | Lair:3   | Reached skill level 13 in Spellcasting
 31862 | Lair:3   | Found a hole to the Spider Nest,
 32176 | Lair:4   | Found a dark tunnel,
 32185 | Volcano  | Entered a volcano
 32292 | Volcano  | Received a gift from Yredelemnul (a wight)
 32435 | Volcano  | Noticed a red draconian
 32485 | Volcano  | Killed a red draconian
 32594 | Volcano  | Found a radiant altar of Vehumet,
 33001 | Lair:4   | Found a blossoming altar of Fedhas,
 33326 | Lair:4   | Received a gift from Yredelemnul (a wraith)
 33704 | Lair:4   | Reached XP level 14. HP: 105/116 MP: 31/31
 33739 | Lair:4   | Found a staircase to the Swamp,
 33956 | Lair:4   | Reached ***** piety under Yredelemnul
 34255 | Lair:4   | Reached skill level 14 in Spellcasting
 34451 | Lair:5   | Received a gift from Yredelemnul (a vampire)
 34452 | Lair:5   | Found a staircase to the Slime Pits,
 34452 | Lair:5   | Found a viscous altar of Jiyva,
 34611 | Lair:5   | Noticed Rupert
 34627 | Lair:5   | Noticed Snorg
 34628 | Lair:5   | Killed Rupert
 34650 | Lair:5   | Killed Snorg
 34849 | Lair:5   | Noticed Josephine
 34876 | Lair:5   | Killed Josephine
 35012 | Lair:5   | Noticed Nessos
 35020 | Lair:5   | Killed Nessos
 35415 | Lair:6   | Entered Level 6 of the Lair of Beasts
 35437 | Lair:6   | Reached skill level 1 in Evocations
 35457 | Lair:6   | Received a gift from Yredelemnul (4 flying skulls)
 35832 | Lair:6   | Got a blackened scale mail
 35833 | Lair:6   | Identified the +2 scale mail of Fortification {Str+2} (You
                  | found it on level 6 of the Lair of Beasts)
 35917 | Lair:6   | Received a gift from Yredelemnul (a vampire)
 37222 | D:14     | Received a gift from Yredelemnul (2 flying skulls)
 37264 | D:14     | Found a hide-covered altar of Uskayaw,
 37491 | D:14     | Learned a level 6 spell: Iron Shot
 37951 | D:15     | Entered Level 15 of the Dungeon
 38283 | D:15     | Found Suipp's Distillery,
 38323 | D:15     | Reached skill level 1 in Earth Magic
 38580 | D:15     | Received a gift from Yredelemnul (a flayed ghost)
 38666 | D:15     | Found a shattered altar of Ashenzari,
 38764 | D:15     | Found Betylilu's Assorted Antiques,
 38767 | D:15     | Found Rixo's Distillery,
 38777 | D:15     | Bought a scroll of enchant armour for 225 gold pieces
 38896 | D:15     | Reached skill level 15 in Spellcasting
 38901 | D:15     | Reached XP level 15. HP: 79/124 MP: 31/34
 39005 | D:15     | Found a staircase to the Depths,
 39189 | D:15     | Reached ****** piety under Yredelemnul
 39319 | D:15     | Received a gift from Yredelemnul (a phantasmal warrior)
 39398 | D:15     | Noticed Sikoogye's ghost (journeyman OpEE)
 39413 | D:15     | Found a transporter,
 39417 | D:15     | Found a transporter,
 39457 | D:15     | Found Torun's Food Boutique,
 39571 | D:15     | Found Xoatig's Gadget Emporium,
 39700 | D:15     | Killed Sikoogye's ghost
 39859 | D:15     | Upgraded the game from 0.25-a0-699-g25a338df49 to
                  | 0.25-a0-701-gb30f108f01
 40137 | Swamp:1  | Entered Level 1 of the Swamp
 40139 | Swamp:1  | Got a steaming dagger
 40140 | Swamp:1  | Identified the +4 dagger of Absolution {elec, rPois Int+4}
                  | (You found it on level 1 of the Swamp)
 40266 | Swamp:1  | Reached skill level 5 in Conjurations
 40501 | Swamp:1  | Received a gift from Yredelemnul (a vampire)
 40543 | Swamp:1  | Noticed Aizul
 40570 | Swamp:1  | Killed Aizul
 40684 | Swamp:1  | Your ally Aizul died
 41407 | Swamp:2  | Received a gift from Yredelemnul (a wraith)
 41479 | Swamp:2  | Noticed Jorgrun
 41495 | Swamp:2  | Killed Jorgrun
 41495 | Swamp:2  | Enslaved Jorgrun
 41565 | Swamp:2  | Found a radiant altar of Vehumet.
 42116 | Swamp:2  | Learned a level 5 spell: Fireball
 42122 | Swamp:2  | Learned a level 5 spell: Bolt of Magma
 42271 | Swamp:3  | Reached skill level 1 in Fire Magic
 43014 | Swamp:4  | Entered Level 4 of the Swamp
 43045 | Swamp:4  | Received a gift from Yredelemnul (a flayed ghost)
 43078 | Swamp:4  | Noticed Nikola
 43085 | Swamp:4  | Killed Nikola
 43117 | Swamp:4  | Received a gift from Yredelemnul (a flayed ghost)
 43128 | Swamp:4  | Your ally Jorgrun died
 43152 | Swamp:4  | Noticed a bone dragon
 43170 | Swamp:4  | Killed a bone dragon
 43252 | Swamp:4  | Received a gift from Yredelemnul (a phantasmal warrior)
 44002 | Swamp:4  | Got a decaying rune of Zot
 44121 | Swamp:4  | Received a gift from Yredelemnul (a vampire)
 44254 | Swamp:4  | Reached skill level 5 in Earth Magic
 44478 | Swamp:4  | Noticed a tentacled monstrosity
 44488 | Swamp:4  | Reached XP level 16. HP: 126/131 MP: 35/35
 44498 | Swamp:4  | Killed a tentacled monstrosity
 44499 | Swamp:4  | Received a gift from Yredelemnul (a ghoul)
 45149 | Vaults:1 | Entered Level 1 of the Vaults
 45554 | D:13     | Received a gift from Yredelemnul (a ghoul)
 46249 | Vaults:1 | Reached skill level 5 in Fire Magic
 46278 | Vaults:1 | Reached skill level 16 in Spellcasting
 46279 | Vaults:1 | Received a gift from Yredelemnul (a skeletal warrior)
 46543 | Vaults:1 | Learned a level 4 spell: Olgreb's Toxic Radiance
 46659 | Vaults:1 | Paralysed by a great orb of eyes for 2 turns
 46713 | Vaults:1 | Reached skill level 1 in Poison Magic
 47016 | Vaults:1 | Received a gift from Yredelemnul (a vampire)
 47511 | Vaults:1 | Noticed a sphinx
 47817 | Vaults:1 | Received a gift from Yredelemnul (a vampire)
 47966 | Vaults:1 | Found a runed translucent gate.
 47966 | Vaults:1 | Found a runed translucent gate.
 47966 | Vaults:1 | Found a runed translucent gate.
 47966 | Vaults:1 | Noticed dvd2's ghost (adept FeCj)
 47967 | Vaults:1 | Noticed a shadow dragon
 47971 | Vaults:1 | Noticed a titan
 47973 | Vaults:1 | Identified the +6 chain mail of the Enchanted Forest {rF+}
 47978 | Vaults:1 | Killed a titan
 47978 | Vaults:1 | Enslaved a titan
 48082 | Vaults:1 | Got a transparent ivory amulet
 48083 | Vaults:1 | Identified the amulet of Yfaamah {rF- Regen+ Dex+3} (You
                  | found it on level 1 of the Vaults)
 48137 | Vaults:1 | Paralysed by a sphinx for 3 turns
 48149 | Vaults:1 | Killed a sphinx
 48357 | Vaults:1 | Quit the game

Levels and vault maps discovered:
D:1:      dpeg_arrival_short_road, layout_basic, chequers_mini_garden,
          roderic_roman_lattice, ebering_dispersal_statue_hall,
          minmay_tetromino_l2
D:2:      layout_basic, st_stairs_8, serial_bayou_ford_a
D:3:      layout_rooms
D:4:      layout_loops_corners, old_standard_altar, serial_shops,
          kennysheep_mini_moat, minmay_hedge_maze,
          hangedman_abyss_or_decor_stagger
D:5:      layout_rooms, minitemple, first_ration, roderic_st_hans_cross,
          dk_vineyard_1, chequers_arboretum, cheibrodos_gnoll_hut
D:6:      layout_basic, gammafunk_temple_overflow_claw, nicolae_benzene_ring,
          roderic_nine_men_s_morris, nemelex_spade_bored_becter, uniq_grinder
D:7:      layout_basic, evilmike_ruin_ashenzari,
          minmay_temple_entry_antechambers
D:8:      layout_loops_ring, dancing_weapons_uskayaw
D:9:      layout_basic, minmay_lair_entry_grove, uniq_psyche, uniq_erica,
          uniq_prince_ribbit1
D:10:     layout_irregular_city, uniq_erolcha
D:11:     layout_loops_ring, enter_bailey_3, david_nohive_1,
          kennysheep_generic_room_11, uniq_nergalle
D:12:     layout_small_grid, hiddenorc1_lemuel, basic_altar, minmay_starry_boxes
D:13:     layout_rooms, david_vaults_3, eino_tiny_chamber, minmay_liquid_box,
          minmay_circle_x
D:14:     layout_grid_maze, basic_altar, bh_walls_and_bars
D:15:     gammafunk_depths_entry_grave, layout_basic, gammafunk_ghost_hive,
          serial_shops, shop, nicolae_shop_waterfront, shop, shop, shop,
          lemuel_doored_altar
Temple:   nicolae_temple_great_sept
Lair:1:   layout_long_grid, lemuel_fruit_tree, grunt_megastairs_1,
          lemuel_fruit_fields
Lair:2:   layout_gridlike, chequers_serial_rivers_small_b, serial_bayou_shore_b,
          grunt_megastairs_3, uniq_harold
Lair:3:   layout_hall_layers, spider_nest_entry_a, lemuel_old_faithful,
          uniq_urug
Lair:4:   layout_regular_city, palyth_hydra_swamp_entry,
          nicolae_volcano_entry_lava_flow, tgw_fedhas
Lair:5:   layout_roguey, slime_altar_1, uniq_nessos, uniq_josephine, uniq_snorg,
          uniq_rupert
Lair:6:   evilmike_catoblepas_cave, layout_hall_layers
Swamp:1:  layout_basic_swamp, evilmike_swamp_ruin_wall, uniq_aizul
Swamp:2:  layout_basic_swamp, nicolae_swamp_godswood, swamp_pool4, uniq_jorgrun
Swamp:3:  layout_basic_swamp, nicolae_swamp_round_clearing, swamp_pool2
Swamp:4:  swamp_pestilence, layout_basic_swamp, uniq_nikola
Orc:1:    layout_caves, okawaru_metal_pillars_3
Orc:2:    st_orc_mages, layout_caves, special_room, serial_shops, shop
Vaults:1: biasface_vaults_ghost_orc_armoury, nicolae_vaults_arrows,
          v_alt_pattern_3, serial_ice_g, grunt_vaults_focal,
          nicolae_vaults_display_case, nicolae_vaults_three_branches,
          vaults_room_grid, v_misc_33, v_misc_11, v_misc_33, vaults_room_pools,
          layout_vaults_big_cross

Skill      XL: |  1  2  3  4  5  6  7  8  9 10 11 12 13 14 15 16 |
---------------+-------------------------------------------------+-----
Conjurations   | 1 2 3 4 6 8 |  8.6
Shields        | 1 2 3 4 |  4.0
Fighting       | 1 2 3 4 7 9 10 11 12 13 | 13.3
Dodging        | 2 3 4 5 6 9 10 11 | 11.6
Spellcasting   | 5 6 8 10 11 12 13 15 16 | 16.3
Summonings     | 1 2 3 |  3.0
Polearms       | 3 4 6 |  6.1
Invocations    | 3 5 7 |  7.0
Armour         | 3 |  3.0
Evocations     | 4 |  4.0
Earth Magic    | 2 5 6 |  6.1
Fire Magic     | 3 6 |  6.3
Poison Magic   | 3 |  3.3
Stealth        | |  1.5
Translocations | |  0.7

Action                   |  1- 3 |  4- 6 |  7- 9 | 10-12 | 13-15 | 16-18 || total
-------------------------+-------+-------+-------+-------+-------+-------++-------
Melee: Unarmed           |    16 |       |       |       |       |       ||    16
       Club              |    39 |       |       |       |       |       ||    39
       Spear             |    11 |   127 |    80 |   857 |  1486 |   308 ||  2869
       Staff             |       |    12 |    38 |       |       |       ||    50
       Halberd           |       |       |   243 |   240 |       |       ||   483
Throw: Stone             |     6 |       |       |       |       |       ||     6
       Dart              |     1 |     9 |     7 |    21 |     1 |       ||    39
 Cast: Magic Dart        |    45 |       |       |    16 |     5 |     1 ||    67
       Call Imp          |    35 |    58 |   122 |   174 |    75 |     6 ||   470
       Mephitic Cloud    |       |    12 |    22 |   136 |    98 |     8 ||   276
       Blink             |       |     1 |     4 |    44 |    16 |     8 ||    73
       Conjure Flame     |       |       |       |     6 |     2 |       ||     8
       Bolt of Magma     |       |       |       |       |    28 |    51 ||    79
       Fireball          |       |       |       |       |     4 |     2 ||     6
       Iron Shot         |       |       |       |       |       |     2 ||     2
       Olgreb's Toxic Ra |       |       |       |       |       |     1 ||     1
Invok: Animate Dead      |       |       |       |    16 |   111 |    25 ||   152
       Animate Remains   |       |       |       |    10 |       |       ||    10
       Recall Undead Sla |       |       |       |     2 |     6 |     7 ||    15
       Injury Mirror     |       |       |       |     1 |       |       ||     1
       Enslave Soul      |       |       |       |       |     4 |     2 ||     6
       Drain Life        |       |       |       |       |     1 |     1 ||     2
Evoke: Wand              |       |       |       |    23 |    10 |       ||    33
       Phantom mirror    |       |       |       |     1 |       |       ||     1
       Phial of floods   |       |       |       |       |     1 |     1 ||     2
  Use: Scroll            |       |     7 |     7 |     9 |    25 |     2 ||    50
 Stab: Sleeping          |     1 |       |     2 |       |     3 |       ||     6
       Confused          |       |     2 |     9 |    51 |    39 |       ||   101
       Distracted        |       |     1 |     1 |     8 |    14 |     4 ||    28
       Petrified         |       |       |       |       |     9 |       ||     9
Armor: Robe              |    18 |    19 |    30 |    10 |     3 |       ||    80
       Steam dragon scal |       |       |       |   173 |   454 |   108 ||   735
Dodge: Dodged            |    81 |    83 |   231 |   729 |  1002 |   237 ||  2363
       Deflected         |       |       |     3 |    26 |    36 |    14 ||    79
Block: Buckler           |       |    22 |    34 |   210 |   349 |    77 ||   692

Table legend:
 A = Non-vault XP
 B = Vault XP
 C = Vault XP percentage of total XP
 D = Non-vault monster count
 E = Vault monster count
 F = Vault count percentage of total count
                 A         B        C        D         E       F
            +---------+---------+-------+---------+---------+-------
      Total |  126938 |   77314 |  37.9 |     712 |     300 |  29.6
            +---------+---------+-------+---------+---------+-------
        D:1 |      26 |       2 |   7.1 |      20 |       1 |   4.8
        D:2 |      54 |       1 |   1.8 |      19 |       1 |   5.0
        D:3 |     127 |       0 |   0.0 |      25 |       0 |   0.0
        D:4 |     265 |       0 |   0.0 |      20 |       0 |   0.0
        D:5 |     557 |      64 |  10.3 |      25 |       3 |  10.7
        D:6 |    1876 |     185 |   9.0 |      33 |       1 |   2.9
        D:7 |     940 |       0 |   0.0 |      27 |       0 |   0.0
        D:8 |     899 |       0 |   0.0 |      16 |       0 |   0.0
        D:9 |    2172 |    3038 |  58.3 |      24 |      15 |  38.5
       D:10 |    2609 |     932 |  26.3 |      21 |       1 |   4.5
       D:11 |    5611 |    1978 |  26.1 |      49 |      22 |  31.0
       D:12 |    6168 |    1373 |  18.2 |      39 |      22 |  36.1
       D:13 |    8174 |    5673 |  41.0 |      25 |      25 |  50.0
       D:14 |    4969 |       0 |   0.0 |      23 |       0 |   0.0
       D:15 |   13632 |    5431 |  28.5 |      40 |      20 |  33.3
     Lair:1 |    2297 |      88 |   3.7 |      12 |       1 |   7.7
     Lair:2 |     782 |    1666 |  68.1 |       8 |       7 |  46.7
     Lair:3 |    3395 |     774 |  18.6 |      14 |       1 |   6.7
     Lair:4 |    7657 |    2470 |  24.4 |      28 |       8 |  22.2
     Lair:5 |    5014 |    4684 |  48.3 |      27 |       8 |  22.9
     Lair:6 |    5669 |    7434 |  56.7 |      31 |      23 |  42.6
    Swamp:1 |    7073 |    1244 |  15.0 |      19 |       1 |   5.0
    Swamp:2 |    5582 |       0 |   0.0 |      21 |       0 |   0.0
    Swamp:3 |    4303 |    1131 |  20.8 |      17 |       2 |  10.5
    Swamp:4 |   11166 |   11813 |  51.4 |      40 |      45 |  52.9
      Orc:1 |    3236 |     797 |  19.8 |      36 |       5 |  12.2
      Orc:2 |     401 |    3671 |  90.2 |      13 |      31 |  70.5
   Vaults:1 |   22284 |   18419 |  45.3 |      40 |      33 |  45.2
     Bailey |       0 |     367 | 100.0 |       0 |      16 | 100.0
    Volcano |       0 |    4079 | 100.0 |       0 |       8 | 100.0
            +---------+---------+-------+---------+---------+-------
